 Dungeon Crawl Stone Soup version 0.30-b1-2-g02819fbbbe (webtiles) character file.

Game seed: 9598427622896439842

187935 raph the Convoker (level 18, -1/210 HPs)
             Began as a Merfolk Summoner on Dec 5, 2023.
             Was an Initiate of Gozag.
             Slain by a demonic crawler (14 damage)
             ... on level 1 of the Spider Nest.
             The game lasted 01:19:40 (44293 turns).

raph the Convoker (Merfolk Summoner)               Turns: 44293, Time: 01:19:40

Health: -1/210     AC: 10    Str: 15    XL:     18   Next: 8%
Magic:  19/31      EV: 18    Int: 32    God:    Gozag
Gold:   5775       SH: 12    Dex: 16    Spells: 7/36 levels left

rFire   . . .        a - +7 trident (venom)
rCold   . . .        t - +1 buckler
rNeg    + . .        Q - +3 leather armour {rPois}
rPois   +            A - +1 helmet
rElec   .            u - +1 cloak
rCorr   .            s - +0 pair of gloves {Str+3}
SInv    .            C - +1 pair of boots {Fly}
Will    +....        D - amulet of Vytazuc {Reflect rN+ Str+2 Int+7 SH+5} Stlth
                     o - +6 ring of intelligence
HPRegen 0.55/turn    W - +4 ring of slaying
MPRegen 0.22/turn

%: reflection
@: berserking (expiring), corroded, gold aura, flying, very quick
A: (nimble swimmer 2), mertail
}: 1/15 runes: barnacled
a: Renounce Religion, Potion Petition, Call Merchant, Bribe Branch


You were on level 1 of the Spider Nest.
You worshipped Gozag.
Gozag was greatly pleased with you.
You visited 5 branches of the dungeon, and saw 27 of its levels.

You collected 11641 gold pieces.
You spent 2215 gold pieces at shops.
You paid 3651 gold pieces to Gozag.

Inventory:

Hand Weapons
 a - a +7 trident of venom (weapon)
 b - a +6 trident of holy wrath
Missiles
 d - 45 poisoned darts
 v - 15 curare-tipped darts
 B - 6 throwing nets
 Y - 3 boomerangs of dispersal
Armour
 s - a +0 pair of gloves of strength (worn)
 t - a +1 buckler (worn)
 u - a +1 cloak (worn)
 A - a +1 helmet (worn)
 C - a +1 pair of boots of flying (worn)
 F - a +2 leather armour of fire resistance
 Q - a +3 leather armour of poison resistance (worn)
Magical Staves
 O - the staff of fire "Juobaom" {rElec rPois rF+ rC++ rN+}
   (You found it on level 4 of the Dungeon)

   [staff of fire]

   Base accuracy: +5 Base damage: 5 Base attack delay: 1.2 This weapon's minimum
   attack delay (0.6) is reached at skill level 12.
   rF:        It protects you from fire.
   rC:        It greatly protects you from cold.
   rElec:     It insulates you from electricity.
   rPois:     It protects you from poison.
   rN:        It protects you from negative energy.
   It falls into the 'Staves' category.
   It is a one-handed weapon.
Jewellery
 o - a +6 ring of intelligence (left hand)
 D - the amulet of Vytazuc (around neck) {Reflect rN+ Str+2 Int+7 SH+5}
   (You bought it in a shop on level 3 of the Dungeon)

   [amulet of reflection]

   It reflects blocked missile attacks.
   Str:       It affects your strength (+2).
   Int:       It affects your intelligence (+7).
   rN:        It protects you from negative energy.
   SH:        It affects your SH (+5).
 L - a +5 ring of evasion
 W - a +4 ring of slaying (right hand)
Wands
 q - a wand of polymorph (7)
 E - a wand of paralysis (24)
 H - a wand of light (19)
 I - a wand of flame (58)
 N - a wand of iceblast (19)
 V - a wand of digging (7)
Scrolls
 f - a scroll of magic mapping
 h - a scroll of butterflies
 x - 3 scrolls of fear
 J - 5 scrolls of amnesia
 K - a scroll of enchant armour
 P - 8 scrolls of teleportation
 R - 3 scrolls of blinking
 S - 2 scrolls of brand weapon
 X - 2 scrolls of silence
 Z - 7 scrolls of immolation
Potions
 c - 3 potions of cancellation
 e - 3 potions of magic
 i - 6 potions of mutation
 k - 7 potions of invisibility
 l - 4 potions of heal wounds
 m - 7 potions of brilliance
 n - 4 potions of resistance
 p - 10 potions of haste
 r - 5 potions of might
 z - 10 potions of curing
 G - 4 potions of flight
 M - 4 potions of ambrosia
 U - a potion of berserk rage
Miscellaneous
 g - a box of beasts
 w - a phial of floods
 y - a lightning rod (4/4)


   Skills:
 + Level 12.0 Fighting
 - Level 14.0 Polearms
 + Level 5.5 Armour
 + Level 12.4 Dodging
 + Level 11.5 Stealth
 + Level 6.5 Shields
 + Level 9.5 Spellcasting
 - Level 7.2 Hexes
 + Level 18.6 Summonings
 + Level 5.8 Translocations
 - Level 2.9 Air Magic
 + Level 4.2 Evocations


You had 7 spell levels left.
You knew the following spells:

 Your Spells              Type           Power      Damage    Failure   Level
a - Summon Small Mammal   Summ           100%       N/A       0%          1
b - Call Imp              Summ           100%       N/A       0%          2
c - Call Canine Familiar  Summ           94%        N/A       0%          3
d - Summon Guardian Gole  Hex/Summ       78%        N/A       1%          3
e - Slow                  Hex            100%       N/A       1%          1
f - Summon Cactus Giant   Summ           47%        N/A       1%          6
g - Summon Lightning Spi  Summ/Air       71%        N/A       1%          4
h - Monstrous Menagerie   Summ           47%        N/A       1%          7
i - Blink                 Tloc           100%       N/A       1%          2

Your spell library contained the following spells:

 Spells                   Type           Power      Damage    Failure   Level
 Apportation              Tloc           100%       N/A       1%          1
 Ensorcelled Hibernation  Hex/Ice        76%        N/A       1%          2
 Confusing Touch          Hex            57%        N/A       1%          3
 Beastly Appendage        Tmut           30%        N/A       4%          1
 Kiss of Death            Conj/Necr      60%        2d10      4%          1
 Necrotise                Necr           60%        1d7       4%          1
 Sandblast                Erth           30%        2d9       4%          1
 Cigotuvi's Dreadful Rot  Necr/Pois/Air  42%        N/A       4%          2
 Manifold Assault         Tloc           51%        N/A       4%          4
 Passwall                 Tmut/Erth      12%        N/A       8%          2
 Scorch                   Fire           30%        2d6       8%          2
 Sublimation of Blood     Necr           15%        N/A       8%          2
 Wereblood                Tmut           15%        N/A       8%          2
 Anguish                  Hex/Necr       19%        N/A       11%         4
 Hailstorm                Conj/Ice       15%        3d5       14%         3
 Ignite Poison            Fire/Tmut/Pois 15%        N/A       14%         3
 Spider Form              Tmut/Pois      15%        N/A       14%         3
 Stone Arrow              Conj/Erth      30%        3d8       14%         3
 Vampiric Draining        Necr           15%        2d7       14%         3
 Malign Gateway           Summ/Tloc      38%        N/A       26%         7
 Dispel Undead            Necr           15%        3d10      43%         4
 Flame Wave               Conj/Fire      15%        2d7       43%         4
 Ice Form                 Ice/Tmut       15%        N/A       43%         4
 Olgreb's Toxic Radiance  Pois           15%        N/A       43%         4
 Petrify                  Tmut/Erth      15%        N/A       43%         4
 Sticky Flame             Conj/Fire      15%        2d4       43%         4
 Dispersal                Tloc           25%        N/A       56%         6
 Agony                    Necr           15%        N/A       80%         5
 Blade Hands              Tmut           7%         N/A       80%         5
 Fireball                 Conj/Fire      7%         3d5       80%         5
 Irradiate                Conj/Tmut      7%         3d14      80%         5
 Iskenderun's Battlesphe  Conj           15%        2d7       80%         5
 Conjure Ball Lightning   Conj/Air       12%        3x3d6     99%         6
 Death Channel            Necr           7%         N/A       100%        6
 Dragon Form              Tmut           7%         N/A       100%        7
 Orb of Destruction       Conj           7%         9d6       100%        7
 Storm Form               Tmut/Air       12%        N/A       100%        7
 Discord                  Hex            28%        N/A       100%        8
 Disjunction              Tloc           25%        N/A       100%        8
 Ignition                 Fire           7%         3d5       100%        8
 Simulacrum               Ice/Necr       Unusable   N/A       N/A         6

Dungeon Overview and Level Annotations

Branches:
Dungeon (15/15)            Temple (0/1) D:6            Lair (5/5) D:10
 Shoals (4/4) Lair:2       Spider (1/4) Lair:2        Slime (0/5) Lair:4
    Orc (2/2) D:12            Elf (0/3) Orc:2        Vaults (0/5) D:14
 Depths (0/4) D:15

Altars:
Cheibriados
Dithmenos
Elyvilon
Fedhas
Gozag
Okawaru
Qazlal
Ru
Trog
Uskayaw
Vehumet
Wu Jian
Xom
The Shining One
Jiyva

Shops:
D:3 =   D:5 :   D:8 !   Orc:2 [!(?   Shoals:3 [

Portals:
Trove: D:10 (give 12 scrolls of teleportation)

Annotations:
D:14 3 runed translucent doors, Cicylist's ghost, journeyman FoFi


Innate Abilities, Weirdness & Mutations

((You are very nimble when in or above water. (Stealth+, EV+, Speed+++)))
Your lower body shifts to a powerful aquatic tail in water.


Message History

You puncture the wolf spider!
The wolf spider is poisoned.
The wolf spider is lightly wounded.
You block the jumping spider's attack. The jumping spider bites you.
* * * LOW HITPOINT WARNING * * *
The demonic crawler hits something!
The demonic crawler barely misses something.
The demonic crawler hits something.
Your lindwurm barely misses the demonic crawler.
Your lindwurm claws the demonic crawler but does no damage. x2
You swap places.
The redback is no longer distracted by gold.
The wolf spider hits your lindwurm!
Your lindwurm dies!
Your lindwurm's corpse disappears in a puff of smoke!
Something completely misses your lindwurm.
Something hits your lindwurm! x2
The wolf spider is distracted by your dazzling golden aura.
You feel a strong urge to attack something.
The demonic crawler hits something but does no damage. x3
The wolf spider's many legs skitter.
You puncture the jumping spider!
The jumping spider is poisoned.
The jumping spider is almost dead.
You hit the jumping spider.
You kill the jumping spider!
The demonic crawler is distracted by your dazzling golden aura.
You block the demonic crawler's attack. The demonic crawler hits you.
* * * LOW HITPOINT WARNING * * *
You block the demonic crawler's attack.
The demonic crawler gives a hideous shriek!
You puncture the demonic crawler!
The demonic crawler is poisoned.
The demonic crawler is moderately wounded.
The redback is distracted by your dazzling golden aura.
You puncture the demonic crawler!
The demonic crawler is heavily wounded.
Your lindwurm bites the wolf spider!
Your lindwurm claws the wolf spider.
Your lindwurm claws the wolf spider!
The demonic crawler hits you!
* * * LOW HITPOINT WARNING * * *
The demonic crawler hits you!
You die...
Your body crumbles into a pile of gold.

...#...#.....#.##
......#......#..##
..####...........#
..# ###....#....##
.. ..#
###........# ...
.## ##^..#...###
#..# #
####.#....##.....
#...#.s.#.....
#..@$.ks.....#
##.ss#.s......
#...s..#.....
#..^.$$.##.#..
#.......s..# .
##....#.#..#
#..##..#.... .....
... .... ##.#.
.....s#.


You could see 2 demonic crawlers, a wolf spider (very poisoned, ally target), 4
redbacks and a friendly lindwurm (summoned).

Vanquished Creatures
  A sphinx (Shoals:4)
  An emperor scorpion (Lair:2)
  A fire giant (D:15)
  3 merfolk javelineers (Shoals:4)
  2 merfolk impalers
  An entropy weaver (Spider:1)
  2 vault guards (D:14)
  A catoblepas (Lair:5)
  2 boulder beetles
  2 centaur warriors
  A two-headed ogre (D:15)
  2 death yaks
  2 satyrs (Shoals:4)
  A tengu warrior (D:15)
  A deep elf knight (D:14)
  4 sea snakes
  A wizard (D:15)
  5 harpies
  5 deep elf pyromancers
  6 ugly things
  4 cyclopes
  11 fauns
  9 manticores
  4 elephants (Lair:2)
  A nameless horror (Lair:4)
  3 black mambas
  9 merfolk sirens
  6 water nymphs
  A gargoyle (D:12)
  A rime drake (Lair:3)
  A torpor snail (Lair:5)
  3 cane toads
  An unseen horror (shapeshifter) (D:15)
  3 kobold demonologists
  An efreet (D:14)
  2 freezing wraiths
  2 komodo dragons
  2 yaktaurs (D:15)
  A tengu conjurer (D:15)
  8 trolls
  8 merfolk
  A hornet (D:11)
  6 wind drakes
  3 polar bears
  5 blink frogs
  3 dream sheep (Shoals:4)
  A tarantella (Spider:1)
  3 snapping turtles
  A water elemental (Shoals:4)
  A jumping spider (Spider:1)
  3 culicivoras (Spider:1)
  2 shadows
  A dire elephant simulacrum (Lair:2)
  6 spriggans (D:11)
  3 wyverns (Lair:5)
  16 yaks
  A steam dragon (D:8)
  7 redbacks
  Menkaure (D:6)
  2 acid dragons
  7 water moccasins
  Duvessa (D:4)
  11 orc warriors
  An ice beast (D:6)
  A sky beast (D:7)
  A black bear (Lair:3)
  A wolf (Lair:3)
  2 ogres
  8 centaurs
  3 phantoms
  2 kobold brigands (D:11)
  12 bullfrogs
  3 scorpions
  2 wights
  An electric eel (Lair:4)
  5 hounds
  2 gnoll boudas
  4 orc priests
  2 sleepcaps (D:6)
  6 jellies
  2 iguanas
  11 orc wizards
  A hell rat (D:10)
  2 ogre zombies (D:12)
  6 gnolls
  3 adders
  An ufetubus (D:5)
  A worm (D:2)
  3 dart slugs
  16 orcs
  2 ball pythons
  4 endoplasms
  A giant cockroach (D:4)
  2 goblins
  4 hobgoblins
  5 jackals (D:3)
  A quokka (D:10)
  2 bats
  3 frilled lizards
  A goblin skeleton (D:12)
  4 goblin zombies (D:12)
  A hobgoblin skeleton (D:12)
  A hobgoblin zombie (D:12)
  10 kobolds
  2 orc skeletons (D:12)
  6 orc zombies (D:12)
  4 rats
365 creatures vanquished.

Vanquished Creatures (collateral kills)
  Frances (Spider:1)
  Polyphemus (Shoals:4)
  A kraken (Shoals:1)
  2 sphinxes (Shoals:4)
  Ilsuiw (Shoals:2)
  The ghost of Syrassil the Severer, a journeyman HOFi of Okawaru (Orc:2)
  A minotaur (Shoals:4)
  A dire elephant (Lair:5)
  7 merfolk impalers
  3 vault guards (D:14)
  An entropy weaver (Spider:1)
  A hydra (Lair:4)
  2 ogre magi
  3 catoblepae
  3 merfolk avatars
  3 two-headed ogres (D:15)
  3 centaur warriors
  A merfolk aquamancer (Shoals:3)
  5 satyrs (Shoals:4)
  A dancing weapon (Orc:2)
  6 death yaks
  4 skysharks
  2 skeletal warriors (D:12)
  A steelbarb worm (Spider:1)
  4 sea snakes
  6 harpies
  3 orc knights
  2 lindwurms (Lair:5)
  An orc sorcerer (Orc:1)
  A wolf spider (Lair:5)
  2 oklob plants (Shoals:2)
  13 fauns
  11 ugly things
  5 merfolk sirens
  5 cyclopes
  9 manticores
  7 black mambas
  A guardian serpent (Lair:5)
  13 elephants
  5 water nymphs
  A gargoyle (D:11)
  A kobold demonologist (D:11)
  11 cane toads
  A rime drake (Lair:3)
  3 yaktaurs (D:15)
  A torpor snail (shapeshifter) (D:15)
  A tengu conjurer (D:14)
  An efreet (D:13)
  A freezing wraith (D:14)
  3 komodo dragons
  2 guardian mummies (D:10)
  A troll (D:14)
  14 merfolk
  2 tarantellas (Spider:1)
  3 wind drakes
  A wolf spider simulacrum (D:15)
  2 hornets (Lair:5)
  19 blink frogs
  10 dream sheep
  4 snapping turtles
  A jumping spider (Spider:1)
  A centaur simulacrum (D:14)
  A shadow (D:11)
  A vampire (D:11)
  2 spriggans (D:11)
  5 water elementals
  A wraith (D:13)
  9 wyverns
  25 yaks
  7 redbacks
  3 wargs (Orc:1)
  15 water moccasins
  An ice beast (D:5)
  20 orc warriors
  14 centaurs
  6 ogres
  4 kobold brigands
  A phantom (D:5)
  A gnoll sergeant (D:9)
  Blork the orc (D:6)
  3 bullfrogs
  2 scorpions
  8 wights
  Dowan (D:4)
  2 electric eels (Lair:4)
  A howler monkey (D:6)
  2 hounds
  2 orc priests
  12 jellies
  A sleepcap (D:3)
  4 iguanas
  7 orc wizards
  A polar bear simulacrum (Lair:2)
  4 ogre zombies (D:12)
  A bullfrog simulacrum (Lair:2)
  16 gnolls
  5 adders
  A river rat (D:10)
  A shadow imp (D:6)
  A white imp (D:8)
  An ufetubus (D:5)
  2 dart slugs
  33 orcs
  3 endoplasms
  A giant cockroach (D:2)
  4 hobgoblins
  2 jackals (D:3)
  5 quokkas
  3 bats
  2 frilled lizards
  A goblin zombie (D:12)
  A hobgoblin zombie (D:12)
  20 kobolds
  2 orc zombies (D:12)
  3 tentacles (Shoals:1)
502 creatures vanquished.

Vanquished Creatures (others)
  A satyr (Shoals:4)
  2 death yaks (D:10)
  2 skeletal warriors (D:12)
  An ugly thing (D:14)
  A faun (Shoals:4)
  A manticore (Shoals:4)
  2 elephants
  A cane toad (Lair:2)
  An ice statue (D:9)
  A komodo dragon (Lair:2)
  A blink frog (Lair:2)
  2 wyverns (Lair:5)
  23 yaks
  A warg (Orc:2)
  2 water moccasins
  2 orc warriors (Orc:2)
  An ice beast (D:8)
  A centaur (Orc:2)
  A gnoll sergeant (D:9)
  A cane toad simulacrum (Lair:2)
  6 wights
  An orc wizard (Orc:2)
  A hell rat (D:10)
  A kobold (D:9)
  A fire vortex (Lair:4)
  44 fungi
  102 plants
  A tentacle (Shoals:1)
205 creatures vanquished.

Grand Total: 1072 creatures vanquished

Notes
Turn   | Place    | Note
-------+----------+-------------------------------------------
     0 | D:1      | raph the Merfolk Summoner began the quest for the Orb.
     0 | D:1      | Reached XP level 1. HP: 13/13 MP: 3/3
   397 | D:1      | Reached XP level 2. HP: 18/19 MP: 3/5
   483 | D:1      | Learned a level 2 spell: Call Imp
   929 | D:2      | Reached XP level 3. HP: 24/24 MP: 4/6
   933 | D:2      | Learned a level 3 spell: Call Canine Familiar
  1411 | D:2      | Reached skill level 5 in Summonings
  1538 | D:2      | Reached XP level 4. HP: 26/30 MP: 7/7
  1589 | D:2      | You fall into a shaft and drop 2 floors!
  1590 | D:4      | Noticed a scorpion
  1877 | D:3      | Found a faded altar of an unknown god.
  1998 | D:3      | Found Qurengie's Jewellery Shop.
  2067 | D:3      | Learned a level 1 spell: Slow
  2195 | D:3      | Reached skill level 1 in Hexes
  2296 | D:3      | Found a radiant altar of Vehumet.
  2758 | D:4      | Found a sacrificial altar of Ru.
  2787 | D:4      | Reached XP level 5. HP: 24/35 MP: 4/9
  2997 | D:4      | Reached XP level 6. HP: 37/41 MP: 3/10
  3069 | D:4      | Reached skill level 6 in Summonings
  3385 | D:4      | Identified the staff of fire "Juobaom" {rElec rPois rF+
                  | rC++ rN+}
  3458 | D:4      | Noticed Duvessa
  3738 | D:4      | Reached XP level 7. HP: 13/46 MP: 7/12
  4140 | D:4      | Learned a level 3 spell: Summon Guardian Golem
  4144 | D:4      | Learned a level 3 spell: Confusing Touch
  4288 | D:4      | Noticed Dowan
  4377 | D:5      | Entered Level 5 of the Dungeon
  4544 | D:5      | Identified 2 scrolls of acquirement
  4544 | D:5      | Acquired 719 gold pieces
  4546 | D:5      | Acquired a +1 pair of boots of flying
  4617 | D:3      | Bought the amulet of Vytazuc {Reflect rN+ Str+2 Int+7 SH+5}
                  | for 721 gold pieces
  4707 | D:5      | Reached skill level 1 in Fighting
  4915 | D:5      | Found an ornate altar of the Wu Jian Council.
  5146 | D:5      | Reached skill level 7 in Summonings
  5146 | D:5      | Reached XP level 8. HP: 50/56 MP: 1/13
  5364 | D:5      | Found Maluh's Tiny Tomes.
  6126 | D:6      | Found a glowing golden altar of the Shining One.
  6171 | D:6      | Noticed Blork the orc
  6178 | D:6      | Killed Blork the orc
  6302 | D:6      | Found a stormy altar of Qazlal.
  6307 | D:6      | Reached skill level 5 in Hexes
  6314 | D:6      | Found a snail-covered altar of Cheibriados.
  6389 | D:6      | Noticed Menkaure
  6399 | D:6      | Killed Menkaure
  6516 | D:6      | Found a shadowy altar of Dithmenos.
  6516 | D:6      | Found a shimmering altar of Xom.
  6517 | D:6      | Found an opulent altar of Gozag.
  6541 | D:6      | Found a bloodstained altar of Trog.
  6652 | D:6      | Reached XP level 9. HP: 63/65 MP: 15/15
  6679 | D:6      | Became a worshipper of Gozag Ym Sagoz the Greedy
  6932 | D:6      | Found a staircase to the Ecumenical Temple.
  7443 | D:7      | Reached skill level 8 in Summonings
  7544 | D:7      | Reached skill level 5 in Dodging
  7593 | D:7      | Reached skill level 5 in Fighting
  7725 | D:7      | Found a blossoming altar of Fedhas.
  8017 | D:7      | Learned a level 4 spell: Summon Lightning Spire
  8669 | D:4      | Killed Duvessa
  8678 | D:4      | Killed Dowan
  8907 | D:8      | Reached skill level 5 in Stealth
  8907 | D:8      | Reached skill level 5 in Spellcasting
  8929 | D:8      | Reached XP level 10. HP: 36/76 MP: 7/17
  9066 | D:8      | Reached skill level 9 in Summonings
  9304 | D:8      | Acquired 900 gold pieces
  9555 | D:8      | Found Tedosiwk's Distillery.
  9563 | D:8      | Bought a potion of ambrosia for 112 gold pieces
  9563 | D:8      | Bought 2 potions of brilliance for 112 gold pieces
  9714 | D:8      | Found a white marble altar of Elyvilon.
  9967 | D:9      | Noticed an ice statue
  9984 | D:9      | Killed an ice statue
 10235 | D:9      | Reached skill level 1 in Polearms
 10791 | D:9      | Reached skill level 1 in Air Magic
 10811 | D:9      | Reached XP level 11. HP: 84/84 MP: 8/19
 11009 | D:10     | Entered Level 10 of the Dungeon
 11026 | D:10     | Noticed a death yak
 11026 | D:10     | Noticed a death yak
 11028 | D:10     | Noticed a death yak
 11037 | D:10     | Killed a death yak
 11046 | D:10     | Noticed a soul eater
 11075 | D:10     | Killed a death yak
 11090 | D:10     | Noticed a sun demon
 11093 | D:10     | Killed a death yak
 11097 | D:10     | Reached skill level 10 in Summonings
 11545 | D:5      | Bought the Vellum of Command for 176 gold pieces
 11545 | D:5      | Bought the Commentary on Angles for 176 gold pieces
 11920 | D:10     | Found a staircase to the Lair.
 12296 | D:10     | Found a portal to a secret trove of treasure.
 12440 | D:10     | Reached skill level 5 in Polearms
 12838 | Lair:1   | Entered Level 1 of the Lair of Beasts
 13335 | Lair:1   | Reached XP level 12. HP: 49/94 MP: 11/21
 13682 | Lair:1   | Learned a level 7 spell: Monstrous Menagerie
 13829 | Lair:1   | Reached skill level 11 in Summonings
 14553 | Lair:2   | Reached skill level 12 in Summonings
 15031 | Lair:2   | Reached skill level 13 in Summonings
 15090 | Lair:2   | Found a transporter.
 15318 | Lair:2   | Found a staircase to the Shoals.
 15319 | Lair:2   | Found a hole to the Spider Nest.
 15356 | Lair:2   | Reached skill level 14 in Summonings
 15489 | Lair:2   | Found a transporter.
 15614 | Lair:2   | Reached XP level 13. HP: 87/101 MP: 14/22
 16393 | Lair:2   | Identified the +9 spear of Kunkuop {heavy, Dex+3}
 16948 | Lair:3   | Reached skill level 15 in Summonings
 18047 | Lair:4   | Found a staircase to the Slime Pits.
 18061 | Lair:4   | Found a viscous altar of Jiyva.
 19228 | Lair:5   | Entered Level 5 of the Lair of Beasts
 19267 | Lair:5   | Reached skill level 16 in Summonings
 19913 | Lair:5   | Reached skill level 17 in Summonings
 20334 | Lair:5   | Reached XP level 14. HP: 106/108 MP: 14/23
 20364 | Lair:5   | Noticed a dire elephant
 20379 | Lair:5   | Killed a dire elephant
 20547 | Lair:5   | Reached skill level 1 in Armour
 20848 | Lair:5   | Learned a level 2 spell: Blink
 20910 | Lair:5   | Identified the +0 scale mail of the Garden {rElec rC+ Will+
                  | Str+2}
 21837 | Lair:5   | Reached skill level 1 in Translocations
 23520 | D:11     | Identified the +5 flail of Doapp {drain, Will+ Stlth+}
 24985 | D:12     | Found a staircase to the Orcish Mines.
 25224 | D:12     | Reached XP level 15. HP: 37/115 MP: 9/26
 25772 | D:12     | Reached skill level 1 in Shields
 25850 | D:12     | Reached skill level 10 in Fighting
 26344 | Orc:1    | Entered Level 1 of the Orcish Mines
 26599 | Orc:2    | Entered Level 2 of the Orcish Mines
 26599 | Orc:2    | Found a staircase to the Elven Halls.
 26605 | Orc:2    | Reached skill level 10 in Polearms
 27196 | Orc:2    | Found Baorion's Distillery.
 27196 | Orc:2    | Found Fuitiwom's Weapon Emporium.
 27198 | Orc:2    | Found Ecwut's Magic Scroll Shoppe.
 27200 | Orc:2    | Found Detatet's Antique Armour Shop.
 27207 | Orc:2    | Bought 2 potions of heal wounds for 180 gold pieces
 27207 | Orc:2    | Bought a potion of heal wounds for 90 gold pieces
 27207 | Orc:2    | Bought a potion of haste for 180 gold pieces
 27214 | Orc:2    | Bought a scroll of identify for 20 gold pieces
 27214 | Orc:2    | Bought a scroll of enchant weapon for 75 gold pieces
 27214 | Orc:2    | Bought a scroll of enchant armour for 75 gold pieces
 27214 | Orc:2    | Bought a scroll of fear for 40 gold pieces
 27214 | Orc:2    | Bought a scroll of fear for 40 gold pieces
 27865 | Orc:2    | Found a runed translucent door.
 27866 | Orc:2    | Found a shimmering altar of Xom.
 27866 | Orc:2    | Noticed Syrassil's ghost (journeyman HOFi)
 28047 | Orc:2    | Killed Syrassil's ghost
 28879 | D:13     | Reached skill level 10 in Dodging
 29877 | D:13     | Learned a level 6 spell: Summon Cactus Giant
 30702 | D:14     | Found a gate to the Vaults.
 31126 | D:14     | Found a runed translucent gate.
 31126 | D:14     | Found a runed translucent gate.
 31126 | D:14     | Found a runed translucent gate.
 31126 | D:14     | Noticed a rockslime
 31126 | D:14     | Noticed an acid blob
 31126 | D:14     | Noticed a rockslime
 31127 | D:14     | Found a viscous altar of Jiyva.
 31127 | D:14     | Noticed Cicylist's ghost (journeyman FoFi)
 31478 | D:14     | Found an iron altar of Okawaru.
 31638 | D:14     | Reached skill level 18 in Summonings
 31982 | D:15     | Entered Level 15 of the Dungeon
 31989 | D:15     | Noticed a fire giant
 32007 | D:15     | Found a staircase to the Depths.
 32217 | D:15     | Killed a fire giant
 32267 | D:15     | Reached XP level 16. HP: 124/124 MP: 7/28
 33935 | Shoals:1 | Entered Level 1 of the Shoals
 34122 | Shoals:1 | Identified the +2 leather armour of the Hills {rElec rN+
                  | MP-9}
 34326 | Shoals:1 | Reached skill level 10 in Stealth
 34667 | Shoals:1 | Found a hide-covered altar of Uskayaw.
 34672 | Shoals:1 | Noticed a kraken
 34685 | Shoals:1 | Killed a kraken
 36614 | Shoals:2 | Noticed Ilsuiw
 36628 | Shoals:2 | Killed Ilsuiw
 36629 | Shoals:2 | Reached skill level 5 in Shields
 36738 | Shoals:2 | Reached skill level 1 in Evocations
 36766 | Shoals:2 | You are sucked into a shaft and drop 1 floor!
 36766 | Shoals:3 | Found Usmuh's Armour Boutique.
 36786 | Shoals:3 | Bought a +0 pair of gloves of strength for 218 gold pieces
 36873 | Shoals:3 | Reached XP level 17. HP: 103/131 MP: 3/29
 37345 | Shoals:2 | Reached skill level 5 in Translocations
 39260 | Shoals:4 | Entered Level 4 of the Shoals
 39275 | Shoals:4 | Noticed Polyphemus
 39293 | Shoals:4 | Killed Polyphemus
 39610 | Shoals:4 | Reached skill level 5 in Armour
 40053 | Shoals:4 | Noticed a sphinx
 40361 | Shoals:4 | Killed a sphinx
 41908 | Shoals:4 | Noticed a sphinx
 41941 | Shoals:4 | Noticed a sphinx
 42211 | Shoals:4 | Killed a sphinx
 42664 | Shoals:4 | Paralysed by a sphinx for 5 turns
 42671 | Shoals:4 | Killed a sphinx
 42693 | Shoals:4 | Got a barnacled rune of Zot
 43438 | Spider:1 | Entered Level 1 of the Spider Nest
 43918 | Spider:1 | Reached XP level 18. HP: 140/140 MP: 17/31
 44013 | Spider:1 | Noticed Frances
 44024 | Spider:1 | Killed Frances
 44293 | Spider:1 | Slain by a demonic crawler

Illustrated notes

Levels and vault maps discovered:
D:1:      reono_arrival_forest_river, layout_loops_ring, minmay_close_crescents
D:2:      layout_loops_ring
D:3:      layout_basic, vehumet_crystals, basic_ecumenical_altar, serial_shops,
          shop, minivault_4
D:4:      layout_basic, hangedman_ru_absence, uniq_duvessa
D:5:      layout_cave_pods, overflow_temple_1_default, grunt_ministairs_2,
          nicolae_shop_i_like_small_books_too, minmay_misc_feat_columns
D:6:      layout_loops_ring, mainiacjoe_overflow_boulevard,
          kennysheep_slug_shrine, mainiacjoe_overflow_24_doors,
          nicolae_overflow_quartered_altars, minmay_temple_entry_fiery,
          uniq_blork_the_orc, uniq_menkaure
D:7:      layout_loops_ring, lemuel_coloured_pillars_altar
D:8:      layout_rooms, elyvilon_altar_1, serial_shops, nicolae_shop_crystal
D:9:      layout_loops_ring, minivault_16
D:10:     layout_roguey, dpeg_lair_monsters, nicolae_trove_entry_path_of_doom
D:11:     kb_forest_paths, layout_gridville
D:12:     layout_basic, zombieorc1_lemuel, gauntlet_entry_generic,
          due_unseen_surprise
D:13:     layout_roguey, nicolae_elevator_lobby_plus
D:14:     layout_gridville, grunt_vaults_entry_fortified,
          minmay_misc_feat_four_crosses, gammafunk_ghost_ooze, okawaru_trees_2
D:15:     grunt_enter_depths_giant_problem, layout_irregular_city
Lair:1:   layout_roguey, dreamdust_gnoll_shepherd, grunt_megastairs_1
Lair:2:   gammafunk_cloud_chamber, layout_misc_corridors, shoals_dummy_entry,
          dummy_spider_entry, grunt_megastairs_4
Lair:3:   nzn_winding_woodlands_medium [nzn_winding_woodlands_hourglass,
          nzn_winding_woodlands_5x15_pool,
          nzn_winding_woodlands_5x5_closed_star,
          nzn_winding_woodlands_5x5_perimeter,
          nzn_winding_woodlands_center_lodge, nzn_winding_woodlands_5x5_default,
          nzn_winding_woodlands_5x5_checkerboard,
          nzn_winding_woodlands_5x15_sawtooth, nzn_winding_woodlands_5x5_three],
          layout_misc_corridors
Lair:4:   layout_gridlike, minmay_slime_entry_jelly_boxes
Lair:5:   hangedman_lair_tendril_chambers, layout_regular_city,
          hangedman_lair_in_review
Shoals:1: layout_shoals, wheals_shoals_ruined_temple
Shoals:2: layout_shoals, nicolae_shoals_this_corrosion, uniq_ilsuiw
Shoals:3: layout_shoals, serial_shops, shop
Shoals:4: shoals_end_hellmonk_lost_city, uniq_polyphemus
Spider:1: cheibrodos_forgotten_conduit, uniq_frances
Orc:1:    layout_diamond_mine, basic_altar
Orc:2:    st_orc_rangers, layout_caves, basic_altar, ebering_ghost_xom

Skill      XL: |  1  2  3  4  5  6  7  8  9 10 11 12 13 14 15 16 17 |
---------------+----------------------------------------------------+-----
Summonings     | 5 6 7 8 9 10 14 17 18 | 18.6
Hexes          | 1 2 3 4 5 6 7 |  7.2
Spellcasting   | 3 4 5 6 7 8 9 |  9.5
Fighting       | 2 3 5 7 8 9 10 11 12 | 12.0
Dodging        | 3 4 5 6 8 9 10 11 12 | 12.4
Stealth        | 3 5 6 7 8 9 10 11 | 11.5
Polearms       | 2 6 9 11 13 14 | 14.0
Air Magic      | 1 2 |  2.9
Armour         | 2 3 4 5 |  5.5
Translocations | 2 3 4 5 |  5.8
Shields        | 3 5 6 |  6.5
Evocations     | 1 4 |  4.2

Action                     |  1- 3 |  4- 6 |  7- 9 | 10-12 | 13-15 | 16-18 || total
---------------------------+-------+-------+-------+-------+-------+-------++-------
  Melee: Unarmed           |     7 |       |       |       |       |       ||     7
         Dagger            |    45 |    65 |   250 |    41 |       |       ||   401
         Punch             |       |       |     3 |     4 |     8 |       ||    15
         Trident           |       |       |       |   221 |   792 |   547 ||  1560
   Cast: Summon Small Mamm |    19 |    12 |     5 |    13 |     3 |     2 ||    54
         Call Imp          |     5 |    10 |    25 |    40 |    13 |     1 ||    94
         Call Canine Famil |       |     9 |    17 |    30 |    14 |     1 ||    71
         Summon Guardian G |       |       |     8 |    37 |    31 |    13 ||    89
         Slow              |       |       |     1 |       |       |       ||     1
         Summon Lightning  |       |       |       |    16 |    20 |    36 ||    72
         Confusing Touch   |       |       |       |     1 |       |       ||     1
         Monstrous Menager |       |       |       |       |   130 |   133 ||   263
         Summon Cactus Gia |       |       |       |       |     6 |    26 ||    32
 Invoke: Potion Petition   |       |       |       |     2 |       |     5 ||     7
  Evoke: Wand              |       |       |       |     1 |       |     5 ||     6
         Box of beasts     |       |       |       |       |       |     1 ||     1
    Use: Scroll            |     4 |     6 |    12 |    11 |     9 |     2 ||    44
         Potion            |       |       |       |       |       |     9 ||     9
   Stab: Distracted        |     1 |       |     3 |     3 |    23 |    22 ||    52
         Sleeping          |     1 |       |     3 |     3 |    18 |     6 ||    31
         Paralysed         |       |       |       |       |     8 |     1 ||     9
         Confused          |       |       |       |       |       |     1 ||     1
         Invisible         |       |       |       |       |       |     1 ||     1
         Petrified         |       |       |       |       |       |     4 ||     4
 Armour: Robe              |    17 |    21 |    32 |       |       |       ||    70
         Leather armour    |       |       |    63 |   105 |   149 |   113 ||   430
         Skin              |       |       |       |       |       |     4 ||     4
  Dodge: Dodged            |    44 |    60 |   174 |   222 |   329 |   332 ||  1161
  Block: Other             |       |       |    57 |    75 |    81 |       ||   213
         Reflection        |       |       |     2 |     4 |    64 |    50 ||   120
         Buckler           |       |       |       |       |   138 |   269 ||   407
